 Dungeon Crawl Stone Soup version 0.20-a0-331-g5b3579f (webtiles) character file.

3719 dondy the Carver (level 9, -4/63 HPs)
             Began as a Demonspawn Abyssal Knight on Dec 21, 2016.
             Was a Priest of Lugonu.
             Slain by a hog (6 damage)
             ... on level 7 of the Dungeon.
             The game lasted 00:35:41 (11073 turns).

dondy the Carver (Demonspawn Abyssal Knight)       Turns: 11073, Time: 00:35:42

Health: -4/63      AC:  8    Str: 15    XL:     9   Next: 92%
Magic:  16/16      EV: 17    Int: 15    God:    Lugonu [***...]
Gold:   339        SH:  0    Dex: 17    Spells: 8/8 levels left

rFire  + . .     SeeInvis .     a - +1 falchion
rCold  + . .     Gourm    +     z - +1 robe {rN+}
rNeg   + . .     Faith    .     (no shield)
rPois  .         Spirit   .     (helmet restricted)
rElec  .         Reflect  .     w - +0 cloak
rCorr  .         Harm     .     t - +0 pair of gloves (curse)
MR     .....                    s - +0 pair of boots
Stlth  +++.......               f - amulet of the gourmand
                                (no ring)
                                o - ring of protection from fire

@: agile
A: antennae 1, thin metallic scales 1, cold resistance 1, powered by pain 1
a: Depart the Abyss, Bend Space, Banish, Renounce Religion


You were on level 7 of the Dungeon.
You worshipped Lugonu.
Lugonu was most pleased with you.
You were completely stuffed.

You visited 1 branch of the dungeon, and saw 7 of its levels.
You visited the Abyss 1 time.

You collected 339 gold pieces.

Inventory:

Hand Weapons
 a - a +1 falchion (weapon)
 C - a cursed +0 scimitar
Missiles
 H - 6 curare-tipped needles
Armour
 s - a +0 pair of boots (worn)
 t - a cursed +0 pair of gloves (worn)
 w - a +0 cloak (worn)
 z - a +1 robe of positive energy (worn)
Jewellery
 f - an amulet of the gourmand (around neck)
 o - a ring of protection from fire (left hand)
 F - an uncursed ring of poison resistance {unknown}
 G - an uncursed ring of protection from fire
Wands
 u - a wand of digging (2/24)
 B - a wand of disintegration (21/24)
Scrolls
 g - 3 scrolls of remove curse
 k - a scroll of enchant armour {unknown}
 n - 4 scrolls of teleportation
 q - 2 scrolls of magic mapping {unknown}
 x - a scroll of fog
 y - a scroll of immolation {unknown}
 A - 2 scrolls of identify
Potions
 b - a potion of haste {unknown}
 d - 2 potions of resistance
 e - a potion of agility
 h - 5 potions of curing
 j - a potion of flight
 l - 3 potions of heal wounds
 v - a potion of brilliance {unknown}
 D - a potion of mutation {unknown}
Comestibles
 c - 5 bread rations
 i - 3 beef jerkies
 m - a slice of pizza
 p - a meat ration
 r - 2 royal jellies


   Skills:
 - Level 3.0 Fighting
 * Level 11.0 Long Blades
 - Level 1.7 Armour
 - Level 0.8 Dodging
 + Level 10.4 Invocations


You had 8 spell levels left.
You didn't know any spells.

Dungeon Overview and Level Annotations

Branches:
Dungeon (7/15)             Temple (0/1) D:7

Altars:
Dithmenos
Elyvilon
Qazlal

Shops:
D:5 [   D:7 =


Innate Abilities, Weirdness & Mutations

You have a pair of small antennae on your head.
You are partially covered in thin metallic scales. (AC +2)
Your flesh is cold resistant. (rC+)
You sometimes gain a little power by taking damage.


Message History

You hit the hog.
The hog is severely wounded.
The hog bites you.
You hit the hog but do no damage.
The hog is severely wounded.
The hog bites you!
* * * LOW HITPOINT WARNING * * *
You focus on the pain.
You feel agile all of a sudden.
You hit the hog.
The hog is severely wounded.
The hog misses you.
You hit the hog.
The hog is almost dead.
The hog bites you!
* * * LOW HITPOINT WARNING * * *
You hit the hog.
The hog is almost dead.
The hog bites you.
You die...

≈...........###...............#..
≈≈.........####....h......#....#.
...........).....#######.........
≈≈.......#.......#%%...'..##...#.
≈...............##%....#.#....###
.÷)........).....###h###.......>
##......#######..#..h. ##.......
.......## ##h#.... #........
######## ###@#######)....... ...#
##..)###..#.####.... ...#
##..##.........# . #..#
##..###...<.....#
#..###+####..####.........#
#......#...........(......#
#.{{.. #.........##########
########....>....#
.................#


You could see a hog.

Vanquished Creatures
  Prince Ribbit (D:5)
  Sigmund (D:4)
  3 hogs (D:7)
  A human (D:7)
  Duvessa (D:4)
  2 phantoms (D:6)
  5 centaurs
  3 bullfrogs
  Dowan (D:4)
  2 scorpions
  The ghost of dondy the Slasher, a weakling DsAK of Lugonu (D:3)
  7 wights (D:6)
  2 crimson imps
  2 bullfrog zombies (D:6)
  A centaur skeleton (D:4)
  5 hounds
  5 orc priests
  Crazy Yiuf (D:4)
  4 orc wizards
  10 worker ants
  A killer bee zombie (D:6)
  A hound zombie (D:5)
  2 hound skeletons
  4 gnolls (D:3)
  10 adders
  A shadow imp (D:5)
  2 oozes (D:2)
  4 worms
  4 dart slugs
  4 leopard geckos
  27 orcs
  3 ball pythons
  10 bats
  3 giant cockroaches
  12 goblins
  6 hobgoblins
  9 jackals
  2 quokkas
  5 frilled lizards
  5 kobolds
  A quokka skeleton (D:6)
  15 rats
189 creatures vanquished.

Vanquished Creatures (others)
  An orc warrior (D:6)
  2 ogres (D:6)
  A centaur (D:6)
  2 wights (D:6)
  An electric eel (D:6)
  A jelly (D:5)
  An orc (D:5)
  A quokka zombie (D:5)
  A bush (Abyss:1)
  A demonic plant (Abyss:1)
  3 plants
  5 toadstools (D:1)
20 creatures vanquished.

Grand Total: 209 creatures vanquished

Notes
Turn   | Place    | Note
-------+----------+-------------------------------------------
     0 | Abyss:1  | dondy the Demonspawn Abyssal Knight began the quest for the Orb.
     0 | Abyss:1  | Reached XP level 1. HP: 18/18 MP: 2/2
   147 | Abyss:1  | Noticed a small abomination
   170 | D:1      | Escaped the Abyss
   207 | D:1      | Reached skill level 2 in Long Blades
   227 | D:1      | Reached * piety under Lugonu
   350 | D:1      | Gained mutation: You sometimes gain a little power by taking damage. [demonic ancestry]
   350 | D:1      | Reached XP level 2. HP: 24/24 MP: 3/3
   758 | D:1      | Reached skill level 3 in Long Blades
   997 | D:2      | Gained mutation: You are partially covered in thin metallic scales. (AC +2) [demonic ancestry]
   997 | D:2      | Reached XP level 3. HP: 27/29 MP: 4/4
  1342 | D:2      | Gained mutation: Your flesh is cold resistant. (rC+) [demonic ancestry]
  1342 | D:2      | Reached XP level 4. HP: 35/35 MP: 5/5
  1391 | D:2      | Reached ** piety under Lugonu
  1414 | D:2      | Reached skill level 4 in Long Blades
  1628 | D:2      | Noticed a centaur
  1644 | D:2      | Killed a centaur
  1644 | D:2      | Reached skill level 5 in Long Blades
  1644 | D:2      | Reached XP level 5. HP: 18/41 MP: 6/6
  2495 | D:3      | Reached XP level 6. HP: 42/47 MP: 7/7
  2620 | D:3      | Reached skill level 6 in Long Blades
  2810 | D:3      | Noticed dondy's ghost (weakling DsAK)
  3135 | D:2      | Reached *** piety under Lugonu
  3348 | D:3      | Killed dondy's ghost
  4071 | D:4      | Noticed Duvessa
  4090 | D:4      | Killed Duvessa
  4090 | D:4      | Reached skill level 7 in Long Blades
  4090 | D:4      | Gained mutation: You have a pair of small antennae on your head. [demonic ancestry]
  4090 | D:4      | Reached XP level 7. HP: 33/52 MP: 9/9
  4241 | D:4      | Noticed Sigmund
  4710 | D:4      | Killed Sigmund
  4971 | D:4      | Reached skill level 5 in Invocations
  5345 | D:4      | Noticed Dowan
  5362 | D:4      | Killed Dowan
  5362 | D:4      | Reached skill level 8 in Long Blades
  5362 | D:4      | Reached XP level 8. HP: 36/58 MP: 12/12
  5399 | D:4      | Found a runed door.
  5478 | D:4      | Noticed Crazy Yiuf
  5490 | D:4      | Killed Crazy Yiuf
  5833 | D:5      | Entered Level 5 of the Dungeon
  6223 | D:5      | Noticed Prince Ribbit
  6388 | D:5      | Found Vallass's Antique Armour Shop.
  6431 | D:5      | Found a white marble altar of Elyvilon.
  6491 | D:5      | Killed Prince Ribbit
  6491 | D:5      | Reached **** piety under Lugonu
  6536 | D:5      | Reached skill level 9 in Long Blades
  6743 | D:5      | Found a shadowy altar of Dithmenos.
  6745 | D:5      | Found a stormy altar of Qazlal.
  7684 | D:6      | Reached XP level 9. HP: 50/63 MP: 14/14
  8474 | D:6      | Reached skill level 10 in Long Blades
  9777 | D:6      | HP: 2/63 [centaur (2)]
 10138 | D:7      | Found Mecim's Jewellery Shoppe.
 10173 | D:7      | Found a staircase to the Ecumenical Temple.
 10698 | D:7      | Reached skill level 10 in Invocations
 11064 | D:7      | Reached skill level 11 in Long Blades
 11072 | D:7      | HP: 2/63 [hog (13)]
 11073 | D:7      | Slain by a hog

Vault maps used:
D:1:      ldierk_walled_garden
D:2:      first_bread, grunt_ministairs_14, st_stairs_13, serial_bayou_pond_c
D:3:      minmay_misc_feat_hallway
D:4:      uniq_crazy_yiuf_cottage, uniq_duvessa, uniq_sigmund
D:5:      lemuel_crystal_altar, minitemple, serial_shops, shop, st_stairs_14,
          lemuel_flamethrower_2, uniq_prince_ribbit1
D:6:      moated_statue, chequers_big_river
D:7:      kennysheep_windowed_halls, serial_shops, nicolae_shop_waterfront,
          hangedman_decor_opposing, grunt_livestock, bh_walls_and_bars

Skill      XL: |  1  2  3  4  5  6  7  8  9 |
---------------+----------------------------+-----
Long Blades    | 2 3 5 7 8 9 11 | 11.0
Invocations    | 3 5 7 10 | 10.4
Fighting       | |  3.0
Armour         | |  1.7
Dodging        | |  0.8

Action                   |  1- 3 |  4- 6 |  7- 9 || total
-------------------------+-------+-------+-------++-------
Melee: Falchion          |   114 |   266 |   681 ||  1061
Invok: Depart the Abyss  |     1 |       |       ||     1
       Banish            |       |       |     7 ||     7
  Use: Scroll            |     8 |       |     3 ||    11
       Potion            |       |       |     3 ||     3
 Stab: Sleeping          |       |       |     1 ||     1
  Eat: Chunk             |     2 |    22 |    25 ||    49
Armor: Leather armour    |    12 |       |       ||    12
       Ring mail         |    34 |   117 |    82 ||   233
       Skin              |       |       |    19 ||    19
       Robe              |       |       |   102 ||   102
Dodge: Dodged            |    68 |   114 |   291 ||   473
       Rpst.: Falchion   |    23 |    39 |    96 ||   158
